 Dungeon Crawl Stone Soup version 0.27-a0-277-g024f7ef292 (webtiles) character file.

Game seed: 17971556536177305352

81 skwiii the Magician (level 4, -2/40 HPs)
             Began as an Octopode Earth Elementalist on Feb 6, 2021.
             Was a Follower of Makhleb.
             Slain by an orc wizard
             ... wielding a +0 dagger
              (4 damage)
             ... on level 4 of the Dungeon.
             The game lasted 00:16:24 (2095 turns).

skwiii the Magician (Octopode Earth Elementalist)   Turns: 2095, Time: 00:16:24

Health: -2/40      AC:  1    Str:  7    XL:     4   Next: 40%
Magic:  5/9        EV: 13    Int: 18    God:    Makhleb [*.....]
Gold:   158        SH:  0    Dex: 12    Spells: 6/10 levels left

rFire    . . .     SeeInvis .   (no weapon)
rCold    . . .     Faith    .   (no shield)
rNeg     . . .     Spirit   .   (helmet restricted)
rPois    .         Reflect  .   (no amulet)
rElec    .         Harm     .   (no ring)
rCorr    .         Rampage  .   (no ring)
Will     .....                  (no ring)
Stlth    ..........             (no ring)
HPRegen  0.13/turn              (no ring)
MPRegen  0.11/turn              (no ring)
                                (no ring)
                                (no ring)

@: confused, berserking, very quick
A: almost no armour, stealthy swim, amphibious, 8 rings, constrict 8, camouflage
1, gelatinous body 1
a: Renounce Religion


You were on level 4 of the Dungeon.
You worshipped Makhleb.
Makhleb was aware of your devotion.
You visited 1 branch of the dungeon, and saw 3 of its levels.

You collected 158 gold pieces.

Inventory:

Missiles
 b - 38 stones
 c - 5 large rocks
 f - 23 poisoned darts
Jewellery
 g - a +6 ring of dexterity {unknown}
 h - a +6 ring of dexterity {unknown}
 m - a +4 ring of evasion
Scrolls
 d - a scroll of enchant armour {unknown}
 l - a scroll of identify {unknown}
 n - a scroll of remove curse {unknown}
 p - a scroll of teleportation {unknown}
Potions
 a - a potion of cancellation {unknown}
 e - a potion of might
 i - a potion of degeneration {unknown}
 j - a potion of heal wounds {unknown}
 k - a potion of berserk rage
 o - a potion of mutation {unknown}


   Skills:
 + Level 0.1 Fighting
 - Level 2.0 Dodging
 - Level 2.6 Stealth
 * Level 3.7 Spellcasting
 + Level 1.0 Transmutations
 + Level 3.6 Earth Magic


You had 6 spell levels left.
You knew the following spells:

 Your Spells              Type           Power        Failure   Level
a - Sandblast             Erth           32%          3%          1
b - Stone Arrow           Conj/Erth      18%          22%         3

Your spell library contained the following spells:

 Spells                   Type           Power        Failure   Level
 Passwall                 Tmut/Erth      9%           9%          2
 Petrify                  Tmut/Erth      11%          50%         4
 Lee's Rapid Deconstruct  Erth           8%           67%         5


Dungeon Overview and Level Annotations

Branches:
Dungeon (2/15)

Altars:
Ashenzari
Makhleb
Qazlal
Vehumet


Innate Abilities, Weirdness & Mutations

You cannot wear most types of armour.
You are very stealthy in the water. (Stealth+)
You are amphibious.
You can wear up to eight rings at the same time.
You can use your tentacles to constrict eight enemies at once.
Your skin changes colour to match your surroundings (Stealth+).
Your rubbery body absorbs attacks. (AC +1, EV +1)


Message History

Unknown command.
It was a potion of berserk rage.
A red film seems to cover your vision as you go berserk!
You feel yourself moving faster!
You feel mighty! Something hits you.
* * * LOW HITPOINT WARNING * * *
The orc priest hits you with a +0 flail.
* * * LOW HITPOINT WARNING * * *
You are too berserk!
Unknown command.
You are too berserk!
Unknown command.
You are too berserk!
Unknown command.
Unknown command.
You are too berserk!
You are too berserk!
You tentacle-slap the orc priest.
The orc priest is lightly wounded.
Something hits you.
You die...

.. #.. ######
...#######.....#
#............#
+............#
#.....o@..$..#
#.....{.######
#.......#
#.......#
#.......#
#†......#
#.).....#
#..)....#
#.......#


You could see an orc priest.

Vanquished Creatures
  2 adders (D:2)
  A leopard gecko (D:1)
  3 orcs (D:4)
  3 bats
  13 giant cockroaches
  4 hobgoblins
  4 jackals
  6 kobolds
  2 ball pythons (D:1)
  4 frilled lizards
  6 goblins
  4 rats
52 creatures vanquished.

Notes
Turn   | Place    | Note
-------+----------+-------------------------------------------
     0 | D:1      | skwiii the Octopode Earth Elementalist began the quest for
                  | the Orb.
     0 | D:1      | Reached XP level 1. HP: 11/11 MP: 3/3
   172 | D:1      | Reached XP level 2. HP: 17/17 MP: 1/5
   980 | D:2      | Reached XP level 3. HP: 21/21 MP: 5/7
  1140 | D:2      | Found a stormy altar of Qazlal.
  1333 | D:2      | Found a burning altar of Makhleb.
  1334 | D:2      | Found a radiant altar of Vehumet.
  1346 | D:2      | Became a worshipper of Makhleb the Destroyer
  1554 | D:2      | Found a broken altar of Ashenzari.
  1730 | D:2      | Reached XP level 4. HP: 27/27 MP: 7/9
  1753 | D:2      | Learned a level 3 spell: Stone Arrow
  2072 | D:2      | You fall into a shaft and drop 2 floors!
  2076 | D:4      | Reached * piety under Makhleb
  2094 | D:4      | HP: 2/40 [orc priest/+0 flail (1)]
  2095 | D:4      | Slain by an orc wizard

Illustrated notes

Levels and vault maps discovered:
D:1:      lightli_arrival_statuegarden, layout_rooms
D:2:      minmay_roachtagon, layout_rooms, gammafunk_temple_overflow_pools,
          grunt_qazlal_sundering, ashenzari_conservatory_becter,
          minmay_curled_crystal
D:4:      layout_gridville, chequers_ossuary_entry_cave

Skill      XL: |  1  2  3 |
---------------+----------+-----
Spellcasting   | 3 |  3.7
Fighting       | |  0.1
Dodging        | |  2.0
Stealth        | |  2.6
Transmutations | |  1.0
Earth Magic    | |  3.6

Action                   |  1- 3 |  4- 6 || total
-------------------------+-------+-------++-------
Melee: Unarmed           |     4 |    13 ||    17
       Constrict         |     2 |     3 ||     5
       Tentacles         |     1 |       ||     1
 Cast: Sandblast         |    48 |    23 ||    71
       Stone Arrow       |       |     1 ||     1
  Use: Potion            |     1 |     1 ||     2
Armor: Skin              |     2 |     7 ||     9
Dodge: Dodged            |    19 |    24 ||    43

Table legend: (Time is in decaauts)
 A = Elapsed time spent in this place.
 B = Non-inter-level travel time spent in this place.
 C = Inter-level travel time spent in this place.
 D = Time resting spent in this place.
 E = Time spent auto-exploring this place.
 F = Levels seen in this place.
 G = Mean time per level.
                   A        B        C        D        E       F      G
               +--------+--------+--------+--------+--------+-----+--------+
         Total |   2094 |   2061 |     33 |    283 |    933 |   3 |  698.0 |
       Dungeon |   2094 |   2061 |     33 |    283 |    933 |   3 |  698.0 |
               +--------+--------+--------+--------+--------+-----+--------+

Top non-repeatable levels by time:
     D:2: 1104 daAuts
     D:1: 967 daAuts
     D:4: 22 daAuts
